 Dungeon Crawl Stone Soup version 0.29-a0-234-g0dae59b3db (webtiles) character file.

Game seed: 4709954178191797030

3474 siradein the Thaumaturge (level 9, -3/52 HPs)
             Began as a Deep Elf Necromancer on Mar 2, 2022.
             Was a Believer of Kikubaaqudgha.
             Slain by an orc knight
             ... wielding a +0 war axe
              (11 damage)
             ... in a bailey.
             The game lasted 00:36:58 (10522 turns).

siradein the Thaumaturge (Deep Elf Necromancer)    Turns: 10522, Time: 00:36:58

Health: -3/52      AC: 10    Str: 11    XL:     9   Next: 79%
Magic:  9/26       EV: 10    Int: 25    God:    Kikubaaqudgha [**....]
Gold:   136        SH:  3    Dex: 15    Spells: 22/30 levels left

rFire   . . .      SeeInvis .   c - staff of death
rCold   . . .      Faith    .   u - +0 buckler
rNeg    + . .      Spirit   .   i - +2 scale mail {rPois}
rPois   +          Reflect  .   M - +1 helmet
rElec   .          Harm     .   d - scarf {+Inv}
rCorr   .          Rampage  .   (no gloves)
Will    +....                   (no boots)
Stlth   +.........              G - amulet of magic regeneration
HPRegen 0.17/turn               J - +6 ring of strength
MPRegen 0.60/turn               y - ring of willpower

@: no status effects
A: no striking features
a: Renounce Religion, Evoke Invisibility, Receive Corpses


You were in a bailey.
You worshipped Kikubaaqudgha.
Kikubaaqudgha was pleased with you.
You visited 1 branch of the dungeon, and saw 8 of its levels.
You also visited: Sewer and Bailey.

You collected 301 gold pieces.
You spent 165 gold pieces at shops.

Inventory:

Armour
 a - a +0 robe
 d - a scarf of invisibility (worn)
 i - a +2 scale mail of poison resistance (worn)
 u - a +0 buckler (worn)
 M - a +1 helmet (worn)
Magical Staves
 c - a staff of death (weapon)
Jewellery
 e - a ring of resist corrosion
 y - a ring of willpower (right hand)
 G - an amulet of magic regeneration (around neck)
 I - an amulet of faith
 J - a +6 ring of strength (left hand)
 L - an amulet of guardian spirit
 N - a +4 ring of evasion
Wands
 w - a wand of charming (4)
 H - a wand of polymorph (11)
 K - a wand of acid (6)
Scrolls
 b - 2 scrolls of blinking
 f - 3 scrolls of amnesia {unknown}
 h - 2 scrolls of magic mapping {unknown}
 k - 6 scrolls of identify {unknown}
 l - 2 scrolls of enchant weapon {unknown}
 m - a scroll of teleportation {unknown}
 o - 4 scrolls of immolation
 q - 2 scrolls of noise {unknown}
 r - a scroll of vulnerability {unknown}
 s - a scroll of brand weapon {unknown}
 z - a scroll of enchant armour {unknown}
 A - 5 scrolls of fear {unknown}
 B - a scroll of summoning {unknown}
 C - 2 scrolls of fog {unknown}
Potions
 g - 4 potions of brilliance
 j - 3 potions of mutation {unknown}
 n - 4 potions of curing
 p - a potion of haste {unknown}
 t - 2 potions of might {unknown}
 v - 2 potions of resistance {unknown}
 x - 4 potions of attraction
 D - a potion of berserk rage {unknown}
 E - a potion of heal wounds {unknown}
 F - a potion of flight {unknown}


   Skills:
 + Level 4.2 Fighting
 + Level 6.8 Dodging
 - Level 2.4 Stealth
 + Level 11.2 Spellcasting
 + Level 11.1 Necromancy


You had 22 spell levels left.
You knew the following spells:

 Your Spells              Type           Power      Damage    Failure   Level
a - Pain                  Necr           100%       1d9       1%          1
b - Vampiric Draining     Necr           81%        2d11      1%          3
c - Animate Dead          Necr           40%        N/A       3%          4

Your spell library contained the following spells:

 Spells                   Type           Power      Damage    Failure   Level
 Animate Skeleton         Necr           100%       N/A       1%          1
 Sublimation of Blood     Necr           81%        N/A       1%          2
 Agony                    Necr           81%        N/A       11%         5
 Excruciating Wounds      Necr           40%        N/A       11%         5
 Beastly Appendage        Tmut           28%        N/A       36%         1
 Sting                    Tmut/Pois      56%        1d5       36%         1
 Ensorcelled Hibernation  Hex/Ice        28%        N/A       50%         2
 Passwall                 Tmut/Erth      11%        N/A       50%         2
 Poisonous Vapours        Pois/Air       28%        N/A       50%         2
 Wereblood                Tmut           14%        N/A       50%         2
 Spider Form              Tmut/Pois      14%        N/A       75%         3
 Swiftness                Air            14%        N/A       75%         3
 Olgreb's Toxic Radiance  Pois           14%        N/A       98%         4


Dungeon Overview and Level Annotations

Branches:
Dungeon (8/15)             Temple (0/1) D:6           Sewer (visited)
 Bailey (1/1)
   Lair: D:8-11

Altars:
Elyvilon
Fedhas
Gozag
Hepliaklqana
Kikubaaqudgha
Ru
Sif Muna
Uskayaw
Yredelemnul

Shops:
D:5 :=!(

Annotations:
D:3 Grinder


Message History

The dead are walking!
The orc knight hits you with a +0 war axe!!
The orc knight hits your gnoll zombie with a +0 war axe!
You block the orc knight's attack.
The orc knight hits your gnoll zombie with a +0 war axe!
Your gnoll zombie is destroyed!
There is a gate leading back out of this place here.
Your orc warrior zombie completely misses the orc knight.
Casting: Animate Dead (dangerous; 3% risk of failure)
Confirm with . or Enter, or press ? or * to list all spells.
Aiming: Vampiric Draining (safe; 1% risk of failure)
Press: ? - help, Shift-Dir - straight line, f - orc
Aim: an orc, wielding a +0 hand axe and wearing a +0 leather armour (severely wounded, strong, ally target)
You feel a surge of power!
You draw life force from the orc!
You kill the orc!
Kikubaaqudgha accepts your kill.
You feel life coursing into your body. The orc knight misses you.
The orc knight hits your gnoll zombie with a +0 war axe!!
Your gnoll zombie is destroyed!
The orc knight hits your orc warrior zombie with a +0 war axe!
Your orc warrior zombie closely misses the orc knight.
The orc knight barely misses you.
The orc knight closely misses your orc warrior zombie.
Your orc warrior zombie hits the orc knight!
Your orc zombie hits the orc knight with a +0 hand axe.
The orc knight barely misses your orc zombie.
The orc knight hits your orc warrior zombie with a +0 war axe!!
Your orc warrior zombie is destroyed!
There is an open gate here.
Kikubaaqudgha delivers you corpses!
The orc knight hits your orc zombie with a +0 war axe!
Your orc zombie is destroyed!
Casting: Vampiric Draining (safe; 1% risk of failure)
Confirm with . or Enter, or press ? or * to list all spells.
You don't have enough magic to cast this spell.
The orc knight hits you with a +0 war axe!!
* * * LOW HITPOINT WARNING * * *
The orc knight hits you with a +0 war axe!
You die...
Kikubaaqudgha rasps: "You have failed me!
Welcome... death!"

#......... #.....⌠...
#......... .........
♣♣♣♣♣ ###.)......
♣.♣.♣♣♣ ###.#'#
♣.....♣♣###.....###
♣♣......##....))...##
♣♣.......#..)))@.....#
♣........††.....o....#
♣...∩.∩.)†.....⌠.....#
♣♣...))..††..........#
♣........#...........#
♣♣.......##.........##
♣♣....♣.♣###.....###
♣.♣♣.♣♣♣ ###.#+# ♣♣
♣♣♣ ###


You could see an orc knight.

Vanquished Creatures
  Sigmund (D:6)
  A wyvern (D:6)
  4 water moccasins
  4 orc warriors
  4 ice beasts
  2 black bears
  2 ogres
  2 centaurs (D:6)
  3 bullfrogs (D:7)
  A necrophage (D:8)
  2 scorpions
  5 killer bees
  3 howler monkeys
  3 orc priests
  2 hounds
  Jessica (D:3)
  5 iguanas
  Ijyb (D:3)
  Terence (D:2)
  3 orc wizards
  Robin (D:3)
  6 adders
  2 gnolls (Bailey)
  3 river rats (D:3)
  7 dart slugs
  22 orcs
  2 ball pythons
  6 endoplasms
  4 giant cockroaches (D:3)
  22 goblins
  11 hobgoblins
  3 jackals (Sewer)
  5 quokkas
  4 bats
  7 frilled lizards
  6 kobolds
  A kobold zombie (D:4)
  An orc zombie (D:4)
  5 rats
168 creatures vanquished.

Vanquished Creatures (collateral kills)
  A phantom (D:7)
  A hound (D:7)
  2 white imps
  An ufetubus (D:4)
5 creatures vanquished.

Grand Total: 173 creatures vanquished

Notes
Turn   | Place    | Note
-------+----------+-------------------------------------------
     0 | D:1      | siradein the Deep Elf Necromancer began the quest for the
                  | Orb.
     0 | D:1      | Reached XP level 1. HP: 10/10 MP: 6/6
   420 | D:1      | Reached skill level 5 in Necromancy
   671 | D:1      | Reached XP level 2. HP: 13/15 MP: 6/8
  1546 | D:2      | Reached XP level 3. HP: 11/19 MP: 3/10
  1776 | D:2      | Learned a level 3 spell: Vampiric Draining
  2009 | D:2      | Noticed Terence
  2016 | D:2      | Killed Terence
  2230 | D:3      | Reached XP level 4. HP: 21/24 MP: 9/12
  2284 | D:3      | Noticed a scorpion
  2314 | D:3      | Noticed Robin
  2350 | D:3      | Noticed Jessica
  2361 | D:3      | Killed Jessica
  2362 | D:3      | Reached skill level 5 in Spellcasting
  2478 | D:3      | Found a glowing drain.
  2500 | Sewer    | Entered a sewer
  2658 | Sewer    | Noticed a water moccasin
  2667 | Sewer    | Killed a water moccasin
  2668 | Sewer    | Reached XP level 5. HP: 24/28 MP: 5/15
  2910 | D:3      | Found an ancient bone altar of Kikubaaqudgha.
  2917 | D:3      | Killed Robin
  2956 | D:3      | Found an opulent altar of Gozag.
  3112 | D:2      | Learned a level 4 spell: Animate Dead
  3233 | D:3      | Became a worshipper of Kikubaaqudgha
  3454 | D:3      | Reached XP level 6. HP: 30/32 MP: 14/17
  3972 | D:3      | Noticed Ijyb
  3992 | D:3      | Killed Ijyb
  4214 | D:3      | Found a faded altar of an unknown god.
  4447 | D:3      | Noticed Grinder
  4649 | D:4      | Reached * piety under Kikubaaqudgha
  4649 | D:4      | Received a gift from Kikubaaqudgha
  4886 | D:4      | Found a sand-covered staircase.
  5059 | D:4      | Reached XP level 7. HP: 32/36 MP: 14/19
  6012 | D:5      | Entered Level 5 of the Dungeon
  6016 | D:5      | Found a white marble altar of Elyvilon.
  6218 | D:5      | Found Joshri's Distillery.
  6305 | D:5      | Bought a potion of brilliance for 60 gold pieces
  6305 | D:5      | Bought a potion of curing for 45 gold pieces
  6305 | D:5      | Bought a potion of attraction for 45 gold pieces
  6305 | D:5      | Bought a potion of degeneration for 15 gold pieces
  6445 | D:5      | Found Bewithria's Book Emporium.
  6464 | D:5      | Found Jiryozxu's Jewellery Shop.
  6595 | D:5      | Found Jifir's Weapon Shop.
  6679 | D:5      | Found a shimmering blue altar of Sif Muna.
  6685 | D:5      | Found a hazy altar of Hepliaklqana.
  6690 | D:5      | Found a blossoming altar of Fedhas.
  6826 | D:6      | Reached XP level 8. HP: 42/42 MP: 16/23
  6987 | D:5      | Reached skill level 1 in Fighting
  7157 | D:6      | Found a staircase to the Ecumenical Temple.
  7213 | D:6      | Noticed Sigmund
  7221 | D:6      | Killed Sigmund
  7455 | D:6      | Found a basalt altar of Yredelemnul.
  7624 | D:6      | Reached skill level 10 in Spellcasting
  7624 | D:6      | Reached skill level 10 in Necromancy
  7761 | D:6      | Found a hide-covered altar of Uskayaw.
  7770 | D:6      | Found a sacrificial altar of Ru.
  8075 | D:6      | Reached skill level 5 in Dodging
  8075 | D:6      | Reached XP level 9. HP: 49/49 MP: 19/25
  8767 | D:7      | Reached ** piety under Kikubaaqudgha
 10006 | D:8      | Noticed a two-headed ogre
 10377 | D:8      | Found a flagged portal.
 10444 | Bailey   | Entered a bailey
 10475 | Bailey   | Noticed an orc knight
 10522 | Bailey   | Slain by an orc knight

Illustrated notes

Levels and vault maps discovered:
D:1:      lemuel_arrival_behind_the_door_small, layout_loops_corners
D:2:      layout_rooms, uniq_terence
D:3:      layout_basic, grunt_gozag_statues, lemuel_tele_altar,
          portal_sewer_entry_b, shapermc_ecumenical_altar_mp_vishouse,
          kennysheep_generic_room_2, uniq_ijyb, uniq_jessica, uniq_grinder,
          uniq_robin
D:4:      layout_loops_cross, nicolae_ossuary_entry_giza
D:5:      layout_cave_pools, mainiacjoe_overflow_boulevard,
          minmay_overflow_temple_star_quad, serial_shops, shop_statue,
          nicolae_shop_waterfront, nicolae_shop_advertising_works
          [nicolae_subvault_shop_adworks], shop
D:6:      layout_basic, mainiacjoe_overflow_swirl, kennysheep_little_box,
          minmay_temple_entry_sparse_star, uniq_sigmund
D:7:      layout_gridville, serial_glass, glass_columns_a, glass_columns_b,
          glass_columns_c, glass_columns_a, glass_columns_b, glass_columns_a,
          item_on_display_a, item_on_display_a, hex_large,
          kennysheep_generic_room_6
D:8:      layout_basic, enter_bailey_3, minmay_door_square,
          hangedman_decor_riveting
Bailey:   bailey_axe_minmay_hex_keep, bailey

Skill      XL: |  1  2  3  4  5  6  7  8  9 |
---------------+----------------------------+-----
Necromancy     | 5 6 7 8 9 10 11 | 11.1
Spellcasting   | 4 6 7 9 10 11 | 11.2
Fighting       | 2 4 |  4.2
Dodging        | 5 6 |  6.8
Stealth        | |  2.4

Action                   |  1- 3 |  4- 6 |  7- 9 || total
-------------------------+-------+-------+-------++-------
Melee: Staff             |       |    13 |    19 ||    32
 Cast: Pain              |    51 |   102 |   156 ||   309
       Vampiric Draining |       |    14 |    62 ||    76
       Animate Dead      |       |       |    16 ||    16
Invok: Receive Corpses   |       |       |     5 ||     5
  Use: Scroll            |       |     1 |     1 ||     2
Armor: Robe              |     2 |     9 |    12 ||    23
       Scale mail        |       |       |    11 ||    11
Dodge: Dodged            |     1 |    29 |    57 ||    87
Block: Buckler           |       |     2 |    20 ||    22

Table legend: (Time is in decaauts)
 A = Elapsed time spent in this place.
 B = Non-inter-level travel time spent in this place.
 C = Inter-level travel time spent in this place.
 D = Time resting spent in this place.
 E = Time spent auto-exploring this place.
 F = Levels seen in this place.
 G = Mean time per level.
                   A        B        C        D        E       F      G
               +--------+--------+--------+--------+--------+-----+--------+
         Total |  10550 |  10324 |    226 |   1474 |   6627 |  10 | 1055.0 |
       Dungeon |  10073 |   9847 |    226 |   1474 |   6261 |   8 | 1259.1 |
         Sewer |    399 |    399 |      0 |      0 |    359 |   1 |  399.0 |
        Bailey |     77 |     77 |      0 |      0 |      7 |   1 |   77.0 |
               +--------+--------+--------+--------+--------+-----+--------+

Top non-repeatable levels by time:
     D:3: 1801 daAuts
     D:6: 1723 daAuts
     D:7: 1485 daAuts
     D:4: 1431 daAuts
     D:1: 1268 daAuts
     D:2: 1125 daAuts
     D:5: 963 daAuts
   Sewer: 399 daAuts
     D:8: 275 daAuts
  Bailey: 77 daAuts
